General information
- name: BNet
- type: Ladder team game (AT/RT)
- host: Battle.net
- saver: ting4strop
map: Dragonblight
- players: 6
- length: 59:36
- speed: Fast
- version: 1.26 W3XP
- replay type:

» download(522 KB)
Players
team 1 (loser)
e3. (
red | 119 APM | 5274 actions | 44:16)
6 Keeper of the Grove
3 Entangling Roots
2 Thorns Aura
1 Tranquility
» actions
| Assign group hotkey | 82 | |
| Basic commands | 43 | |
| Build / train | 142 | |
| ESC pressed | 12 | |
| Enter build submenu | 62 | |
| Enter hero's abilities submenu | 7 | |
| Give item / drop item | 10 | |
| Remove unit from queue | 2 | |
| Right click | 3352 | |
| Select / deselect | 894 | |
| Select group hotkey | 340 | |
| Use ability | 327 | |
5274 total
» units
| Wisp | 52 | |
| Huntress | 5 | |
| Chimaera | 21 | |
| Peasant | 2 | |
80 total
» upgrades
| Strength of the Wild | 3 | |
| Ultravision | 1 | |
| Nature's Blessing | 1 | |
| Reinforced Hides | 3 | |
| Corrosive Breath | 1 | |
| Well Spring | 1 | |
10 total
» buildings
| Altar of Elders | 1 | |
| Moon Well | 5 | |
| Hunter's Hall | 1 | |
| Ancient of War | 2 | |
| Tree of Ages | 3 | |
| Tree of Life | 4 | |
| Ancient Protector | 24 | |
| Ancient of Lore | 2 | |
| Ancient of Wind | 1 | |
| Tree of Eternity | 1 | |
| Chimaera Roost | 3 | |
| Ancient of Wonders | 3 | |
| Keep | | |
| Guard Tower | 1 | |
| Scout Tower | 6 | |
| Arcane Tower | 1 | |
58 total
» build order
00:06 Altar of Elders
00:17 Moon Well
01:32 Hunter's Hall
01:48 Ancient of War
02:14 Ancient of War
02:25 Moon Well
02:37 Moon Well
05:01 Tree of Ages
05:01 Tree of Ages
05:01 Tree of Ages
05:35 Tree of Life
05:48 Ancient Protector
06:33 Moon Well
07:30 Ancient of Lore
07:43 Ancient of Lore
08:29 Ancient of Wind
09:22 Tree of Eternity
10:06 Moon Well
10:34 Ancient Protector
10:36 Ancient Protector
11:44 Chimaera Roost
11:45 Chimaera Roost
11:46 Chimaera Roost
11:57 Ancient Protector
12:24 Ancient Protector
12:27 Ancient Protector
12:30 Ancient Protector
14:34 Ancient Protector
14:36 Ancient Protector
16:01 Ancient Protector
16:02 Ancient Protector
16:35 Ancient of Wonders
17:10 Tree of Life
17:15 Ancient of Wonders
17:26 Ancient Protector
17:27 Ancient Protector
17:28 Ancient Protector
17:29 Ancient Protector
17:34 Ancient Protector
17:38 Ancient Protector
19:14 Ancient Protector
19:19 Ancient Protector
20:18 Tree of Life
23:09 Ancient of Wonders
23:51 Ancient Protector
23:51 Ancient Protector
26:09 Tree of Life
26:14 Ancient Protector
26:15 Ancient Protector
26:18 Ancient Protector
42:48 Guard Tower
42:58 Scout Tower
42:59 Scout Tower
43:28 Arcane Tower
43:31 Scout Tower
43:32 Scout Tower
43:34 Scout Tower
43:36 Scout Tower
» items
| Boots of Speed | 1 | |
| Scroll of Healing | 2 | |
| Periapt of Vitality | 1 | |
| Potion of Lesser Invulnerability | 2 | |
| Staff of Teleportation | 3 | |
| Lesser Clarity Potion | 9 | |
| Orb of Venom | 2 | |
| Dust of Appearance | 4 | |
| Healing Salve | 7 | |
| Scroll of Town Portal | 1 | |
| Potion of Healing | 2 | |
| Potion of Mana | 3 | |
37 total
Sekt666 (
purple | 130 APM | 7772 actions | 59:34)
7 Tauren Chieftain
3 War Stomp
3 Endurance Aura
1 Reincarnation
4 Shadow Hunter
2 Hex
2 Healing Wave
1 Mountain King
1 Storm Bolt
» actions
| Assign group hotkey | 77 | |
| Basic commands | 83 | |
| Build / train | 153 | |
| Enter build submenu | 31 | |
| Enter hero's abilities submenu | 12 | |
| Give item / drop item | 4 | |
| Remove unit from queue | 1 | |
| Right click | 3421 | |
| Select / deselect | 1778 | |
| Select group hotkey | 1798 | |
| Use ability | 414 | |
7772 total
» units
| Peon | 8 | |
| Troll Headhunter/Berserker | 10 | |
| Kodo Beast | 1 | |
| Demolisher | 13 | |
| Shaman | 5 | |
| Troll Batrider | 29 | |
| Chimaera | 12 | |
| Mortar Team | 2 | |
80 total
» upgrades
| Ranged Weapons | 3 | |
| Troll Regeneration | 1 | |
| Armor | 3 | |
| Shaman Training | 2 | |
| Berserker Upgrade | 1 | |
| Burning Oil | 1 | |
| Reinforced Defenses | 1 | |
| War Drums Damage Increase | 1 | |
| Liquid Fire | 1 | |
| Witch Doctor Training | 1 | |
| Spiked Barricades | 3 | |
18 total
» buildings
| Orc Burrow | 7 | |
| War Mill | 1 | |
| Altar of Storms | 1 | |
| Barracks | 2 | |
| Voodoo Lounge | 2 | |
| Stronghold | 3 | |
| Beastiary | 2 | |
| Spirit Lodge | 1 | |
| Fortress | 1 | |
| Great Hall | 2 | |
| Watch Tower | 11 | |
| Altar of Kings | 1 | |
| Moon Well | 1 | |
35 total
» build order
00:21 Orc Burrow
00:38 War Mill
00:50 Altar of Storms
01:05 Barracks
01:49 Barracks
02:07 Orc Burrow
02:21 Voodoo Lounge
03:34 Stronghold
03:35 Stronghold
04:23 Orc Burrow
06:06 Beastiary
06:09 Spirit Lodge
06:15 Fortress
07:25 Orc Burrow
09:50 Orc Burrow
09:51 Orc Burrow
10:20 Orc Burrow
11:11 Beastiary
18:52 Great Hall
22:39 Watch Tower
22:40 Watch Tower
24:12 Voodoo Lounge
27:28 Watch Tower
48:34 Great Hall
48:39 Watch Tower
48:41 Watch Tower
48:42 Watch Tower
48:43 Watch Tower
48:44 Watch Tower
49:19 Altar of Kings
50:02 Watch Tower
51:40 Watch Tower
51:43 Watch Tower
51:51 Moon Well
» items
| Healing Salve | 6 | |
| Lesser Clarity Potion | 14 | |
| Potion of Healing | 3 | |
| Dust of Appearance | 1 | |
| Orb of Lightning | 2 | |
| Scroll of Speed | 1 | |
| Potion of Mana | 2 | |
| Scroll of Town Portal | 1 | |
30 total
Zales_TZB (
orange | 92 APM | 3864 actions | 42:06)
5 Blood Mage
3 Banish
2 Siphon Mana
2 Mountain King
1 Storm Bolt
1 Bash
1 Paladin
1 Holy Light
» actions
| Assign group hotkey | 291 | |
| Basic commands | 12 | |
| Build / train | 130 | |
| ESC pressed | 7 | |
| Enter build submenu | 32 | |
| Enter hero's abilities submenu | 8 | |
| Give item / drop item | 5 | |
| Right click | 1996 | |
| Select / deselect | 533 | |
| Select group hotkey | 655 | |
| Use ability | 195 | |
3864 total
» units
| Peasant | 8 | |
| Footman | 7 | |
| Rifleman | 4 | |
| Goblin Zeppelin | 8 | |
| Mortar Team | 1 | |
| Flying Machine | 9 | |
| Knight | 3 | |
| Siege Engine | 5 | |
45 total
» upgrades
| Defend | 1 | |
| Swords | 2 | |
| Plating | 2 | |
| Gunpowder | 2 | |
| Masonry | 1 | |
| Long Rifles | 1 | |
| Flare | 1 | |
| Flak Cannons | 1 | |
| Magic Sentry | 1 | |
| Barrage | 1 | |
13 total
» buildings
| Altar of Kings | 2 | |
| Barracks | 1 | |
| Farm | 8 | |
| Scout Tower | 8 | |
| Lumber Mill | 1 | |
| Arcane Vault | 2 | |
| Blacksmith | 1 | |
| Arcane Tower | 2 | |
| Keep | 2 | |
| Arcane Sanctum | 1 | |
| Castle | 4 | |
| Workshop | 4 | |
| Town Hall | 2 | |
| Guard Tower | 2 | |
| Cannon Tower | 1 | |
41 total
» build order
00:04 Altar of Kings
00:19 Barracks
00:28 Farm
01:02 Scout Tower
01:23 Farm
01:34 Lumber Mill
02:13 Farm
02:41 Arcane Vault
04:06 Blacksmith
04:08 Arcane Tower
05:01 Farm
06:21 Keep
07:19 Farm
07:20 Farm
08:30 Farm
11:13 Arcane Sanctum
12:49 Castle
12:49 Castle
12:49 Castle
13:45 Workshop
18:26 Farm
21:52 Workshop
22:33 Town Hall
26:18 Scout Tower
26:53 Arcane Tower
27:24 Town Hall
27:51 Scout Tower
30:03 Scout Tower
30:40 Scout Tower
30:41 Scout Tower
30:42 Scout Tower
30:50 Arcane Vault
31:14 Scout Tower
31:30 Guard Tower
32:56 Cannon Tower
33:11 Guard Tower
34:25 Workshop
34:26 Workshop
41:15 Altar of Kings
41:17 Keep
» items
| Scroll of Regeneration | 6 | |
| Lesser Clarity Potion | 6 | |
| Mechanical Critter | 3 | |
| Potion of Healing | 15 | |
| Potion of Mana | 5 | |
| Scroll of Town Portal | 5 | |
| Staff of Sanctuary | 1 | |
| Orb of Fire | 1 | |
| Orb of Venom | 3 | |
| Staff of Preservation | 1 | |
46 total
team 2 (winner)
LaptopRoadTRIP (
pink | 139 APM | 8278 actions | 59:35)
10 Blademaster
3 Wind Walk
3 Critical Strike
1 Bladestorm
3 Mirror Image
» actions
| Assign group hotkey | 326 | |
| Basic commands | 45 | |
| Build / train | 116 | |
| ESC pressed | 1 | |
| Enter build submenu | 31 | |
| Enter hero's abilities submenu | 10 | |
| Give item / drop item | 3 | |
| Right click | 5227 | |
| Select / deselect | 592 | |
| Select group hotkey | 1186 | |
| Use ability | 741 | |
8278 total
» units
| Peon | 13 | |
| Troll Batrider | 50 | |
| Raider | 1 | |
64 total
» upgrades
» buildings
| Altar of Storms | 1 | |
| Orc Burrow | 4 | |
| War Mill | 1 | |
| Stronghold | 4 | |
| Voodoo Lounge | 4 | |
| Watch Tower | 22 | |
| Fortress | 1 | |
| Beastiary | 4 | |
| Great Hall | 1 | |
42 total
» build order
00:03 Altar of Storms
00:06 Orc Burrow
01:16 War Mill
02:13 Orc Burrow
04:22 Stronghold
04:22 Stronghold
04:23 Stronghold
04:47 Orc Burrow
04:52 Voodoo Lounge
05:12 Voodoo Lounge
05:57 Orc Burrow
06:01 Watch Tower
06:02 Watch Tower
06:30 Voodoo Lounge
08:13 Fortress
08:17 Beastiary
08:17 Beastiary
08:48 Voodoo Lounge
11:23 Watch Tower
11:23 Watch Tower
17:13 Watch Tower
17:14 Watch Tower
17:15 Watch Tower
17:16 Watch Tower
17:16 Watch Tower
17:17 Watch Tower
17:19 Watch Tower
17:19 Watch Tower
17:20 Watch Tower
17:21 Watch Tower
17:22 Watch Tower
17:23 Watch Tower
17:25 Watch Tower
17:26 Watch Tower
20:51 Great Hall
21:14 Watch Tower
21:15 Watch Tower
21:16 Watch Tower
21:32 Watch Tower
32:11 Beastiary
32:11 Beastiary
» items
| Boots of Speed | 2 | |
| Staff of Teleportation | 3 | |
| Healing Salve | 5 | |
| Lesser Clarity Potion | 10 | |
| Potion of Mana | 1 | |
| Orb of Lightning | 2 | |
| Scroll of Town Portal | 6 | |
| Scroll of Speed | 1 | |
30 total
TIMG4STROK (
teal | 144 APM | 8588 actions | 59:35)
5 Archmage
3 Blizzard
2 Brilliance Aura
4 Mountain King
2 Storm Bolt
2 Bash
4 Paladin
2 Holy Light
2 Divine Shield
» actions
| Assign group hotkey | 8 | |
| Basic commands | 21 | |
| Build / train | 156 | |
| ESC pressed | 5 | |
| Enter build submenu | 158 | |
| Enter hero's abilities submenu | 14 | |
| Give item / drop item | 2 | |
| Right click | 4712 | |
| Select / deselect | 542 | |
| Select group hotkey | 2230 | |
| Use ability | 737 | |
8588 total
» units
» upgrades
| Masonry | 3 | |
| Magic Sentry | 1 | |
| Sorceress Training | 2 | |
6 total
» buildings
| Farm | 4 | |
| Lumber Mill | 1 | |
| Scout Tower | 223 | |
| Arcane Tower | 8 | |
| Altar of Kings | 1 | |
| Guard Tower | 93 | |
| Keep | 1 | |
| Castle | 1 | |
| Arcane Sanctum | 1 | |
| Town Hall | 1 | |
| Arcane Vault | 3 | |
337 total
» build order
00:06 Farm
00:08 Lumber Mill
00:27 Scout Tower
00:44 Scout Tower
00:47 Farm
00:54 Arcane Tower
00:54 Arcane Tower
01:06 Scout Tower
01:07 Scout Tower
01:15 Altar of Kings
01:32 Arcane Tower
01:32 Arcane Tower
01:35 Arcane Tower
01:37 Scout Tower
01:53 Guard Tower
01:54 Scout Tower
02:19 Scout Tower
02:20 Scout Tower
02:21 Guard Tower
02:21 Guard Tower
02:24 Scout Tower
02:26 Guard Tower
02:26 Guard Tower
02:26 Guard Tower
02:47 Guard Tower
02:48 Scout Tower
02:50 Scout Tower
02:51 Scout Tower
02:58 Scout Tower
03:01 Guard Tower
03:04 Scout Tower
03:13 Scout Tower
03:38 Guard Tower
03:45 Scout Tower
03:45 Scout Tower
03:49 Guard Tower
03:51 Scout Tower
03:51 Scout Tower
04:05 Guard Tower
04:06 Scout Tower
04:07 Scout Tower
04:07 Scout Tower
04:11 Scout Tower
04:12 Scout Tower
04:13 Guard Tower
04:27 Guard Tower
04:30 Guard Tower
04:40 Guard Tower
04:41 Scout Tower
04:41 Scout Tower
04:42 Scout Tower
04:48 Guard Tower
04:49 Scout Tower
04:49 Scout Tower
05:10 Guard Tower
05:13 Scout Tower
05:16 Scout Tower
05:18 Guard Tower
05:21 Keep
05:38 Guard Tower
05:40 Scout Tower
05:42 Scout Tower
05:44 Guard Tower
05:48 Scout Tower
05:48 Scout Tower
05:49 Scout Tower
05:49 Scout Tower
06:15 Guard Tower
06:18 Scout Tower
06:19 Scout Tower
06:19 Scout Tower
06:22 Scout Tower
06:23 Scout Tower
06:35 Guard Tower
06:41 Scout Tower
07:04 Guard Tower
07:06 Scout Tower
07:09 Scout Tower
07:10 Scout Tower
07:23 Guard Tower
07:27 Scout Tower
07:27 Scout Tower
07:28 Scout Tower
07:28 Scout Tower
07:33 Farm
07:34 Farm
07:57 Guard Tower
08:12 Castle
08:14 Arcane Sanctum
08:25 Scout Tower
08:26 Scout Tower
08:27 Scout Tower
08:27 Scout Tower
08:31 Guard Tower
08:41 Scout Tower
08:42 Scout Tower
08:43 Scout Tower
08:50 Guard Tower
08:51 Scout Tower
08:52 Scout Tower
08:53 Scout Tower
08:54 Scout Tower
09:35 Town Hall
09:41 Scout Tower
09:41 Scout Tower
09:42 Scout Tower
09:44 Scout Tower
09:44 Scout Tower
09:45 Scout Tower
09:46 Scout Tower
09:53 Scout Tower
09:54 Scout Tower
10:00 Guard Tower
10:03 Scout Tower
10:04 Scout Tower
10:04 Scout Tower
10:06 Scout Tower
10:07 Scout Tower
10:09 Scout Tower
10:10 Scout Tower
10:10 Scout Tower
10:11 Scout Tower
10:11 Scout Tower
10:16 Guard Tower
10:19 Arcane Vault
10:21 Arcane Vault
10:22 Arcane Vault
10:34 Guard Tower
10:37 Guard Tower
10:39 Guard Tower
10:45 Scout Tower
10:46 Scout Tower
10:47 Scout Tower
10:47 Scout Tower
10:55 Guard Tower
11:11 Scout Tower
11:11 Scout Tower
11:11 Scout Tower
11:12 Scout Tower
11:12 Scout Tower
11:14 Guard Tower
11:15 Scout Tower
11:16 Scout Tower
11:16 Scout Tower
11:38 Guard Tower
11:57 Guard Tower
11:59 Scout Tower
12:00 Scout Tower
12:00 Scout Tower
12:01 Scout Tower
12:02 Scout Tower
12:11 Scout Tower
12:13 Scout Tower
12:14 Scout Tower
12:38 Guard Tower
12:50 Guard Tower
13:07 Guard Tower
13:42 Guard Tower
13:44 Scout Tower
13:45 Scout Tower
13:45 Scout Tower
13:46 Scout Tower
13:48 Guard Tower
13:56 Guard Tower
13:57 Scout Tower
13:57 Scout Tower
13:58 Scout Tower
13:58 Scout Tower
13:59 Scout Tower
13:59 Scout Tower
14:03 Scout Tower
14:03 Scout Tower
14:04 Scout Tower
14:04 Scout Tower
14:05 Scout Tower
14:06 Scout Tower
14:06 Scout Tower
14:07 Scout Tower
14:12 Guard Tower
14:15 Scout Tower
14:16 Scout Tower
15:03 Guard Tower
15:26 Guard Tower
15:52 Guard Tower
17:06 Scout Tower
17:08 Guard Tower
17:11 Guard Tower
17:13 Scout Tower
17:13 Scout Tower
17:14 Scout Tower
17:14 Scout Tower
17:15 Scout Tower
17:27 Guard Tower
17:30 Guard Tower
17:32 Scout Tower
17:32 Scout Tower
17:33 Scout Tower
17:34 Scout Tower
17:34 Scout Tower
17:34 Scout Tower
17:55 Guard Tower
17:56 Scout Tower
17:57 Scout Tower
17:57 Scout Tower
17:59 Scout Tower
17:59 Scout Tower
18:00 Scout Tower
18:00 Scout Tower
18:29 Guard Tower
18:38 Guard Tower
18:51 Scout Tower
18:52 Scout Tower
18:54 Scout Tower
18:54 Scout Tower
18:56 Scout Tower
18:57 Scout Tower
18:58 Guard Tower
19:00 Scout Tower
19:01 Scout Tower
19:04 Scout Tower
19:04 Scout Tower
19:05 Scout Tower
19:05 Scout Tower
19:07 Guard Tower
19:11 Scout Tower
19:11 Scout Tower
19:12 Scout Tower
19:19 Guard Tower
19:21 Scout Tower
19:21 Scout Tower
19:22 Scout Tower
19:22 Scout Tower
19:23 Scout Tower
19:24 Scout Tower
20:46 Guard Tower
20:46 Guard Tower
20:48 Guard Tower
20:52 Guard Tower
20:54 Scout Tower
20:54 Scout Tower
20:55 Scout Tower
21:20 Guard Tower
21:27 Guard Tower
21:49 Scout Tower
21:49 Scout Tower
21:50 Scout Tower
21:50 Scout Tower
21:50 Scout Tower
21:51 Scout Tower
21:58 Arcane Tower
22:07 Guard Tower
22:21 Scout Tower
22:22 Scout Tower
22:27 Scout Tower
22:28 Scout Tower
22:50 Guard Tower
22:56 Scout Tower
22:57 Scout Tower
22:58 Scout Tower
22:58 Scout Tower
22:59 Guard Tower
23:11 Scout Tower
23:12 Scout Tower
23:12 Scout Tower
23:13 Scout Tower
23:39 Guard Tower
24:30 Guard Tower
25:10 Guard Tower
25:20 Guard Tower
25:26 Scout Tower
25:27 Scout Tower
25:27 Scout Tower
25:29 Guard Tower
26:26 Scout Tower
26:26 Scout Tower
27:03 Guard Tower
27:06 Guard Tower
27:25 Guard Tower
27:28 Scout Tower
27:29 Scout Tower
27:30 Scout Tower
27:31 Scout Tower
28:28 Guard Tower
28:53 Guard Tower
29:28 Scout Tower
29:29 Scout Tower
29:30 Scout Tower
29:59 Guard Tower
30:01 Scout Tower
30:02 Scout Tower
30:25 Guard Tower
30:26 Scout Tower
30:28 Guard Tower
30:43 Scout Tower
30:44 Scout Tower
30:45 Scout Tower
31:26 Guard Tower
31:50 Guard Tower
31:52 Scout Tower
31:54 Scout Tower
31:55 Scout Tower
31:55 Scout Tower
31:56 Scout Tower
32:20 Scout Tower
32:21 Scout Tower
32:23 Guard Tower
33:09 Guard Tower
33:11 Scout Tower
33:12 Scout Tower
33:12 Scout Tower
33:13 Scout Tower
33:59 Guard Tower
34:09 Guard Tower
34:09 Guard Tower
34:09 Guard Tower
34:11 Scout Tower
34:12 Scout Tower
34:19 Scout Tower
34:20 Scout Tower
34:21 Scout Tower
34:21 Scout Tower
34:34 Scout Tower
34:34 Scout Tower
34:52 Guard Tower
35:21 Guard Tower
35:33 Guard Tower
35:36 Guard Tower
35:38 Scout Tower
35:38 Scout Tower
36:53 Guard Tower
36:54 Scout Tower
36:55 Scout Tower
36:55 Scout Tower
» items
| Healing Salve | 1 | |
| Orb of Lightning | 3 | |
| Staff of Teleportation | 2 | |
| Boots of Speed | 2 | |
| Staff of Sanctuary | 3 | |
11 total
ting4strop (
green | 100 APM | 5989 actions | 59:36)
5 Warden
3 Shadow Strike
2 Blink
1 Keeper of the Grove
1 Entangling Roots
» actions
| Assign group hotkey | 22 | |
| Basic commands | 9 | |
| Build / train | 67 | |
| Enter build submenu | 17 | |
| Enter hero's abilities submenu | 6 | |
| Give item / drop item | 1 | |
| Right click | 4728 | |
| Select / deselect | 395 | |
| Select group hotkey | 440 | |
| Use ability | 304 | |
5989 total
» units
» upgrades
» buildings
| Altar of Elders | 2 | |
| Moon Well | 11 | |
| Tree of Ages | 3 | |
| Ancient of Wind | 1 | |
| Tree of Life | 1 | |
18 total
» build order
00:07 Altar of Elders
00:08 Altar of Elders
00:19 Moon Well
01:23 Moon Well
04:57 Moon Well
04:58 Moon Well
05:57 Tree of Ages
05:57 Tree of Ages
05:57 Tree of Ages
08:28 Ancient of Wind
12:45 Tree of Life
17:17 Moon Well
17:18 Moon Well
17:19 Moon Well
17:19 Moon Well
20:46 Moon Well
21:31 Moon Well
21:32 Moon Well
» items
| Boots of Speed | 1 | |
| Staff of Teleportation | 1 | |
| Lesser Clarity Potion | 3 | |
| Healing Salve | 1 | |
6 total
Chat log
(08:00 / All) ting4strop: hey
(08:00 / All) ting4strop: stop
(08:02 / All) LaptopRoadTRIP: you're losing units
(09:34 / All) ting4strop: GOOD
(09:35 / All) ting4strop: GOOD STOMP
(24:55 / All) ting4strop: u lose
(25:03 / All) e3.: wow 12 year old game proto
(25:05 / All) e3.: Careface
(42:12 / All) ting4strop: bye
(44:07 / All) e3.: ok
(44:12 / All) e3.: now i just wanna go eat
(44:13 / All) e3.: bye
(44:14 / All) ting4strop: bye
(44:16 / All) e3.: life calls
(44:16 / All) ting4strop: you're shit
(44:21 / All) TIMG4STROK: eat a loss you shitnoob
(44:21 / All) ting4strop: get out
(44:22 / All) ting4strop: bow to me
(59:18 / All) TIMG4STROK: bye